 Dungeon Crawl Stone Soup version 0.31.0-11-ge490571c62 (webtiles) character file.

Game seed: 4209097389766366949

418 qw the Shooter (level 6, -1/30 HPs)
             Began as a Spriggan Hunter on Feb 5, 2024.
             Was a Follower of Okawaru.
             Incinerated by a bombardier beetle (5 damage)
             ... with a burning spray
             ... on level 4 of the Dungeon.
             The game lasted 00:00:12 (2737 turns).

qw the Shooter (Spriggan Hunter)                    Turns: 2737, Time: 00:00:13

Health: -1/30      AC:  7    Str:  7    XL:     6   Next: 61%
Magic:  8/8        EV: 26    Int: 10    God:    Okawaru [*.....]
Gold:   116        SH:  0    Dex: 21    Spells: 5/5 levels left

rFire   . . .        a - +0 shortbow
rCold   . . .        (shield currently unavailable)
rNeg    . . .        h - +1 animal skin
rPois   .            (helmet restricted)
rElec   .            (no cloak)
rCorr   .            (gloves unavailable)
SInv    +            (boots unavailable)
Will    +....        (no amulet)
Stlth   +            c - +5 ring of evasion
HPRegen 0.25/turn    m - +4 ring of protection
MPRegen 0.11/turn

%: no passive effects
@: on fire, glowing, very quick
A: very small, no large weapons, unfitting armour, see invisible, speed 3
a: Renounce Religion, Heroism


You were on level 4 of the Dungeon.
You worshipped Okawaru.
Okawaru was aware of your devotion.
You visited 1 branch of the dungeon, and saw 4 of its levels.

You collected 158 gold pieces.
You spent 42 gold pieces at shops.


Innate Abilities, Weirdness & Mutations

You are very small and have problems with some larger weapons.
You are too small for most types of armour.
You have supernaturally acute eyesight. (SInv)
You cover ground extremely quickly. (Speed+++)


   Skills:
 - Level 2.2 Fighting
 + Level 6.1 Ranged Weapons
 - Level 6.0 Dodging
 - Level 1.5 Stealth
 + Level 2.0 Invocations


You had 5 spell levels left.
You didn't know any spells.
Your spell library was empty.

Inventory:

Hand Weapons
 a - a +0 shortbow (weapon)
Armour
 h - a +1 animal skin (worn)
Jewellery
 c - a +5 ring of evasion (left hand)
 m - a +4 ring of protection (right hand)
Wands
 j - a wand of flame (5)
Scrolls
 b - a scroll of teleportation
 f - a scroll of amnesia {unknown}
 i - a scroll of enchant weapon {unknown}
Potions
 d - a potion of curing
 e - a potion of resistance
 g - a potion of haste
 k - a potion of lignification {unknown}
 l - a potion of degeneration {unknown}

Dungeon Overview and Level Annotations

Branches:
Dungeon (4/15)
 Temple: D:4-7

Altars:
Okawaru

Shops:
D:4 *


Message History

The arrow hits the bombardier beetle but does no damage.
You shoot an arrow.
The arrow hits the bombardier beetle but does no damage.
You shoot an arrow. The arrow hits the bombardier beetle.
The bombardier beetle is lightly wounded.
You shoot an arrow.
The arrow barely misses the bombardier beetle.
You shoot an arrow.
The arrow barely misses the bombardier beetle.
You shoot an arrow.
The arrow barely misses the bombardier beetle.
The bombardier beetle misses you.
You shoot an arrow. The arrow hits the bombardier beetle.
The bombardier beetle is moderately wounded.
You shoot an arrow. The arrow hits the bombardier beetle.
The bombardier beetle is heavily wounded.
The bombardier beetle completely misses you.
You shoot an arrow. The arrow hits the bombardier beetle.
The bombardier beetle is severely wounded.
The bombardier beetle sprays incendiary fluid at you.
The burning spray hits you.
You are covered in liquid fire!
You shoot an arrow. The arrow hits the bombardier beetle.
You kill the bombardier beetle!
Okawaru accepts your kill. The liquid fire burns you!
Your Invocations skill increases to level 2!
You are on fire!
The liquid fire burns you!
You are on fire!
The liquid fire burns you!
You are on fire!
The liquid fire burns you!
You are on fire!
The liquid fire burns you!
You are on fire!
The liquid fire burns you!
You are on fire!
The liquid fire burns you!
You die...

.............#.... #
#.# #
##.###..######.7.7.##
###.# #
#<#..#......7.7..
#...# #
#.#..#....778.877..
#...####
#.##.'.............
+.......
#....#....778.87
#...####
######......7.7 #....#
#
######%7.7.######....#
# #.@...#.........# #
#.....#######%..###
#.....##........##.
#.....##.....#####.
###+###.......# #.
#.##.......## #.
...........# #. .
.........#.# #.
..###........#... #.


There were no monsters in sight!

Vanquished Creatures
  A scorpion (D:4)
  A bombardier beetle (D:4)
  2 hounds (D:4)
  Jessica (D:2)
  Natasha (twice) (D:2)
  Robin (D:2)
  3 gnolls (D:4)
  3 adders
  3 dart slugs
  3 ribbon worms (D:3)
  An orc (D:4)
  7 bats
  9 endoplasms
  7 giant cockroaches
  20 goblins
  10 hobgoblins
  7 jackals
  9 kobolds
  3 quokkas
  8 ball pythons
  6 frilled lizards
  6 rats
113 creatures vanquished.

Notes
Turn   | Place    | Note
-------+----------+-------------------------------------------
     0 | D:1      | qw the Spriggan Hunter began the quest for the Orb.
     0 | D:1      | Reached XP level 1. HP: 10/10 MP: 2/2
     0 | D:1      | 0 ||| qw: Version: 0.3-a-160-g6735b56
     0 | D:1      | 0 ||| qw: Game counter: 6172
     0 | D:1      | 0 ||| qw: Melee chars always use a shield: true
     0 | D:1      | 0 ||| qw: God list: Okawaru
     0 | D:1      | 0 ||| qw: Allow faded altars: false
     0 | D:1      | 0 ||| qw: Do Orc after clearing Dungeon:15 true
     0 | D:1      | 0 ||| qw: Do second Lair branch before Depths: true
     0 | D:1      | 0 ||| qw: Lair rune preference: random
     0 | D:1      | 0 ||| qw: Goals: Normal
     0 | D:1      | 0 ||| PLANNING D:1-11
    19 | D:1      | Reached skill level 3 in Dodging
    98 | D:1      | Found a faded altar of an unknown god.
   105 | D:1      | Reached XP level 2. HP: 14/14 MP: 3/3
   619 | D:1      | Reached XP level 3. HP: 18/18 MP: 4/4
  1035 | D:1      | 1035 ||| READING scroll labelled BAV POELEVOLL.
  1035 | D:1      | 1035 ||| IDENTIFYING viscous white potion
  1036 | D:1      | 1036 ||| READING scroll labelled SOVE ZIUNIAPH.
  1037 | D:1      | 1037 ||| READING scroll labelled LETWEU DIDE.
  1070 | D:1      | 1070 ||| DRINKING 2 orange potions.
  1071 | D:1      | 1071 ||| DROPPING scroll of butterflies.
  1072 | D:1      | 1072 ||| DROPPING potion of brilliance.
  1113 | D:2      | Noticed Jessica
  1114 | D:2      | Killed Jessica
  1115 | D:2      | Reached XP level 4. HP: 22/22 MP: 5/5
  1133 | D:2      | Found an iron altar of Okawaru.
  1134 | D:2      | 1134 ||| PLANNING OKAWARU WORSHIP
  1142 | D:2      | Became a worshipper of Warmaster Okawaru
  1143 | D:2      | 1143 ||| PLANNING D:1-11
  1209 | D:2      | 1209 ||| FLEEEEING.
  1210 | D:2      | 1210 ||| FLEEEEING.
  1211 | D:2      | 1211 ||| FLEEEEING.
  1212 | D:2      | 1212 ||| FLEEEEING.
  1213 | D:2      | 1213 ||| FLEEEEING.
  1214 | D:2      | 1214 ||| FLEEEEING.
  1215 | D:2      | 1215 ||| FLEEEEING.
  1216 | D:2      | 1216 ||| FLEEEEING.
  1217 | D:2      | 1217 ||| FLEEEEING.
  1218 | D:2      | 1218 ||| FLEEEEING.
  1219 | D:2      | 1219 ||| FLEEEEING.
  1221 | D:2      | 1221 ||| FLEEEEING.
  1222 | D:2      | 1222 ||| FLEEEEING.
  1224 | D:2      | 1224 ||| FLEEEEING.
  1225 | D:2      | 1225 ||| FLEEEEING.
  1228 | D:2      | 1228 ||| FLEEEEING.
  1231 | D:2      | 1231 ||| FLEEEEING.
  1233 | D:2      | 1233 ||| FLEEEEING.
  1234 | D:2      | 1234 ||| FLEEEEING.
  1235 | D:2      | 1235 ||| FLEEEEING.
  1236 | D:2      | 1236 ||| FLEEEEING.
  1237 | D:2      | 1237 ||| FLEEEEING.
  1238 | D:2      | 1238 ||| FLEEEEING.
  1239 | D:2      | 1239 ||| FLEEEEING.
  1240 | D:2      | 1240 ||| FLEEEEING.
  1241 | D:2      | 1241 ||| FLEEEEING.
  1245 | D:2      | 1245 ||| FLEEEEING.
  1248 | D:2      | 1248 ||| FLEEEEING.
  1249 | D:2      | 1249 ||| FLEEEEING.
  1250 | D:2      | 1250 ||| FLEEEEING.
  1251 | D:2      | 1251 ||| FLEEEEING.
  1252 | D:2      | 1252 ||| FLEEEEING.
  1253 | D:2      | 1253 ||| FLEEEEING.
  1254 | D:2      | 1254 ||| FLEEEEING.
  1255 | D:2      | 1255 ||| FLEEEEING.
  1256 | D:2      | 1256 ||| FLEEEEING.
  1365 | D:2      | Noticed Robin
  1372 | D:2      | Killed Robin
  1514 | D:2      | Noticed Natasha
  1522 | D:2      | Killed Natasha
  1523 | D:2      | Reached XP level 5. HP: 23/25 MP: 6/6
  1542 | D:2      | Noticed Natasha
  1547 | D:2      | Killed Natasha
  1695 | D:2      | 1695 ||| UPGRADING to +1 animal skin.
  1705 | D:2      | 1705 ||| DROPPING +0 robe.
  1706 | D:2      | 1706 ||| UPGRADING to +4 ring of protection.
  1707 | D:2      | 1707 ||| UPGRADING to ring of positive energy.
  1708 | D:2      | 1708 ||| READING 2 scrolls labelled JEPPAR ZYFALE.
  1712 | D:2      | 1712 ||| READING scroll labelled MOABECH POLU.
  1713 | D:2      | 1713 ||| READING scroll labelled FAGGOOKOTU.
  1714 | D:2      | 1714 ||| DRINKING 2 cyan potions.
  2390 | D:3      | 2390 ||| UPGRADING to +5 ring of evasion.
  2392 | D:3      | 2392 ||| UPGRADING to +4 ring of protection.
  2394 | D:3      | 2394 ||| DROPPING ring of positive energy.
  2395 | D:3      | 2395 ||| DRINKING 2 glowing emerald potions.
  2513 | D:4      | Reached * piety under Okawaru
  2514 | D:4      | Reached skill level 6 in Ranged Weapons
  2564 | D:4      | Reached XP level 6. HP: 30/30 MP: 7/7
  2641 | D:4      | Reached skill level 1 in Invocations
  2644 | D:4      | Reached skill level 6 in Dodging
  2682 | D:4      | Found Omneysij's Gadget Gallery.
  2687 | D:4      | 2687 ||| BUYING wand of flame (5) (42 gold).
  2687 | D:4      | Bought a wand of flame (5) for 42 gold pieces
  2687 | D:4      | 2687 ||| SHOPLISTING wand of roots (12) (345 gold, have
                  | 116).
  2736 | D:4      | HP: 4/30 [burnt (5)]
  2737 | D:4      | Incinerated by a bombardier beetle

Levels and vault maps discovered:
D:1:      dpeg_arrival_morbid_curiosity, layout_loops_corners,
          chequers_ecumenical_altar_simple, minmay_indecisive_spiral
D:2:      layout_basic, basic_altar, uniq_robin, uniq_natasha, uniq_jessica
D:3:      layout_loops_cross, glass_columns_a
D:4:      layout_basic, kennysheep_minor_cross, nicolae_shop_gadgets

Skill      XL: |  1  2  3  4  5  6 |
---------------+-------------------+-----
Dodging        | 3 4 5 6 |  6.0
Ranged Weapons | 5 6 |  6.1
Fighting       | 2 |  2.2
Invocations    | 2 |  2.0
Stealth        | |  1.5

Action                     |  1- 3 |  4- 6 || total
---------------------------+-------+-------++-------
   Fire: Shortbow          |   115 |   220 ||   335
    Use: Scroll            |     3 |     3 ||     6
         Potion            |     1 |     2 ||     3
 Armour: Robe              |    12 |    22 ||    34
         Animal skin       |       |     8 ||     8
  Dodge: Dodged            |    25 |   130 ||   155

Table legend:
 A = Non-vault XP
 B = Vault XP
 C = Vault XP percentage of total XP
 D = Non-vault monster count
 E = Vault monster count
 F = Vault count percentage of total count
                 A         B        C        D         E       F
            +---------+---------+-------+---------+---------+-------
      Total |     475 |     123 |  20.6 |      91 |      22 |  19.5
            +---------+---------+-------+---------+---------+-------
        D:1 |      56 |      16 |  22.2 |      33 |       9 |  21.4
        D:2 |      86 |     107 |  55.4 |      25 |      13 |  34.2
        D:3 |      52 |       0 |   0.0 |      18 |       0 |   0.0
        D:4 |     281 |       0 |   0.0 |      15 |       0 |   0.0
            +---------+---------+-------+---------+---------+-------
